Map: Orbital Shipyard

Players

oPZesty

  • Race: Zerg Zerg
  • League: Master

Gayguy - Winner!

  • Race: Protoss Protoss
  • League: Grandmaster

VOD

Have the link to the VOD?

Description

Time

  • Played on: Dec. 23, 2015, 5:40 p.m.
  • Length: 12:25
Show
View Real Time Build Order
Export as new Build Order

oPZesty Zerg 

Build Orders: Hatch First, Lurkers 

Get SALT Encoding   

  12  0:01  Drone  
  13  0:12  Overlord  
  13  0:17  Drone  
  14  0:32  Drone x2  
  16  0:36  Drone  
  17  0:53  Hatchery  
  17  0:56  Drone  
  17  1:03  Drone  
  18  1:04  Extractor  
  17  1:14  Spawning Pool  
  17  1:18  Drone  
  17  1:29  Drone x2  
  19  1:38  Overlord  
  19  1:55  Drone  
  19  2:01  Queen  
  20  2:02  Zergling x2  
  20  2:06  Metabolic Boost  
  20  2:08  Queen  
  25  2:11  Drone  
  25  2:13  Drone  
  27  2:19  Overlord  
  27  2:28  Drone  
  27  2:29  Drone  
  29  2:36  Drone  
  30  2:45  Queen  
  32  2:53  Drone x2  
  32  2:54  Drone  
  35  3:05  Drone  
  36  3:06  Overlord  
  36  3:10  Drone x3  
  36  3:11  Drone  
  40  3:27  Extractor  
  40  3:30  Drone x4, Extractor  
  40  3:31  Extractor  
  41  3:38  Drone x2  
  43  3:41  Drone  
  43  3:43  Overlord  
  44  3:54  Overlord  
  44  3:55  Lair  
  44  4:02  Drone  
  45  4:03  Drone x7  
  52  4:13  Hatchery  
  51  4:22  Overlord  
  51  4:28  Spore Crawler  
  51  4:29  Spore Crawler  
  48  4:42  Queen  
  50  4:54  Overlord x2  
  50  4:55  Overlord x2  
  50  4:58  Hydralisk Den  
  49  5:00  Drone x2  
  49  5:02  Queen  
  53  5:22  Drone x2  
  53  5:23  Evolution Chamber  
  53  5:24  Evolution Chamber  
  53  5:25  Drone x3  
  53  5:26  Drone x4  
  60  5:38  Muscular Augments  
  56  5:51  Drone  
  56  5:52  Drone x11  
  66  5:59  Drone x3  
  66  6:00  Drone x2  
  71  6:15  Overlord x3  
  71  6:19  Extractor  
  71  6:20  Hydralisk x5, Extractor  
  79  6:30  Drone  
  79  6:31  Drone x4  
  79  6:32  Drone  
  85  6:40  Hydralisk  
  85  6:41  Hydralisk  
  85  6:46  Hydralisk x4  
  85  6:47  Hydralisk  
  91  6:50  Lurker Den  
  99  6:59  Hydralisk x4  
  107  7:11  Hydralisk  
  107  7:12  Hydralisk x5  
  119  7:19  Hatchery  
  119  7:21  Drone  
  119  7:24  Roach Warren  
  114  7:32  Hydralisk x3  
  118  7:49  Evolution Chamber  
  117  8:00  Hatchery  
  117  8:02  Overlord  
  117  8:03  Overlord x6  
  116  8:07  Lair  
  116  8:16  Extractor  
  116  8:17  Hydralisk  
  113  8:20  Extractor  
  113  8:24  Hydralisk  
  113  8:25  Hydralisk x3  
  115  8:44  Hatchery  
  115  8:45  Hydralisk  
  115  8:46  Hydralisk x6  
  128  8:54  Spore Crawler x2  
  128  8:55  Spore Crawler  
  125  9:05  Lurker x2  
  125  9:06  Lurker  
  125  9:07  Lurker x3  
  125  9:08  Lurker  
  132  9:14  Zerg Missile Weapons Level 1  
  132  9:17  Zergling x2  
  132  9:18  Zergling x16  
  132  9:20  Lurker x3  
  144  9:31  Glial Reconstitution  
  144  9:38  Evolution Chamber  
  137  9:52  Spire  
  108  9:53  Spire  
  95  10:05  Drone  
  95  10:06  Drone x6  
  102  10:11  Zerg Ground Armor Level 1  
  102  10:16  Drone  
  103  10:32  Drone  
  103  10:33  Drone x5  
  109  10:44  Overseer  
  109  10:59  Hatchery, Extractor  
  109  11:00  Extractor  
  106  11:05  Corruptor  
  106  11:06  Corruptor x8  
  121  11:23  Extractor  
  120  11:26  Hatchery  
  120  11:27  Drone  
  120  11:28  Drone x3  
  120  11:31  Extractor  
  107  11:36  Corruptor x5  
  107  11:39  Infestation Pit  
  116  11:42  Corruptor  
  117  11:54  Corruptor  
  117  11:55  Corruptor x2  
Show
View Real Time Build Order
Export as new Build Order

Gayguy Protoss - Winner!

Build Orders: Nexus First, Oracle Opening 

Get SALT Encoding   

  12  0:01  Probe (Chrono Boost)  
  13  0:11  Probe (Chrono Boost)  
  14  0:19  Pylon  
  14  0:22  Probe (Chrono Boost)  
  15  0:38  Probe (Chrono Boost)  
  16  0:48  Probe (Chrono Boost)  
  17  0:59  Nexus  
  17  1:03  Probe (Chrono Boost)  
  18  1:13  Gateway  
  18  1:15  Probe (Chrono Boost)  
  19  1:18  Assimilator  
  19  1:24  Assimilator  
  19  1:26  Probe (Chrono Boost)  
  20  1:37  Probe (Chrono Boost), Pylon  
  21  1:47  Probe (Chrono Boost)  
  22  1:58  Probe (Chrono Boost)  
  23  2:03  Cybernetics Core  
  24  2:08  Probe (Chrono Boost)  
  24  2:12  Probe (Chrono Boost)  
  25  2:19  Probe (Chrono Boost)  
  25  2:22  Probe (Chrono Boost)  
  27  2:25  Gateway  
  27  2:29  Probe (Chrono Boost)  
  28  2:33  Probe (Chrono Boost)  
  29  2:40  Probe (Chrono Boost)  
  29  2:43  Stargate  
  30  2:47  Warp Gate  
  30  2:48  Probe (Chrono Boost)  
  30  2:51  Mothership Core (Chrono Boost)  
  33  2:56  Pylon  
  33  2:59  Probe (Chrono Boost)  
  34  3:09  Probe x2 (Chrono Boost)  
  36  3:19  Probe (Chrono Boost)  
  37  3:20  Probe (Chrono Boost)  
  37  3:22  Gateway  
  37  3:23  Oracle (Chrono Boost)  
  41  3:29  Probe  
  41  3:30  Probe, Pylon  
  42  3:36  Adept (Chrono Boost), Assimilator x2  
  44  3:41  Probe  
  44  3:44  Probe, Pylon  
  46  3:54  Void Ray  
  46  3:55  Probe (Chrono Boost)  
  47  3:56  Probe (Chrono Boost)  
  52  4:07  Probe x2 (Chrono Boost)  
  54  4:18  Probe (Chrono Boost)  
  54  4:19  Probe (Chrono Boost)  
  56  4:26  Nexus  
  56  4:28  Probe (Chrono Boost)  
  56  4:30  Pylon  
  58  4:31  Probe (Chrono Boost)  
  58  4:33  Pylon  
  58  4:39  Probe (Chrono Boost)  
  58  4:41  Pylon  
  58  4:43  Probe (Chrono Boost)  
  60  4:46  Pylon  
  60  4:49  Probe (Chrono Boost)  
  61  4:54  Void Ray  
  61  4:56  Probe (Chrono Boost)  
  61  4:57  Pylon  
  61  4:58  Protoss Air Weapons Level 1  
  62  5:00  Probe (Chrono Boost)  
  62  5:04  Stargate  
  68  5:08  Probe (Chrono Boost)  
  68  5:09  Stargate  
  68  5:10  Probe (Chrono Boost)  
  69  5:20  Probe (Chrono Boost)  
  69  5:21  Assimilator  
  70  5:22  Probe (Chrono Boost)  
  70  5:25  Assimilator  
  70  5:27  Forge  
  71  5:32  Probe (Chrono Boost)  
  71  5:33  Probe (Chrono Boost)  
  71  5:34  Void Ray (Chrono Boost)  
  73  5:39  Probe (Chrono Boost)  
  78  5:53  Probe x2 (Chrono Boost)  
  78  5:54  Probe (Chrono Boost)  
  78  5:56  Void Ray x2 (Chrono Boost)  
  89  6:04  Probe  
  89  6:07  Probe x2  
  92  6:12  Photon Cannon x2  
  92  6:15  Void Ray (Chrono Boost), Photon Cannon  
  96  6:25  Fleet Beacon  
  96  6:34  Void Ray (Chrono Boost), Photon Cannon  
  96  6:36  Photon Cannon  
  96  6:38  Void Ray (Chrono Boost)  
  104  6:45  Probe x2  
  104  6:46  Probe, Pylon  
  107  6:47  Pylon  
  107  6:52  Void Ray (Chrono Boost)  
  111  6:57  Probe x2  
  111  6:59  Pylon  
  113  7:15  Nexus  
  113  7:19  Carrier (Chrono Boost)  
  125  7:23  Carrier (Chrono Boost)  
  131  7:38  Carrier (Chrono Boost)  
  128  7:45  Stargate  
  128  7:48  Stargate  
  128  7:51  Probe  
  129  8:02  Pylon  
  129  8:03  Pylon  
  129  8:05  Protoss Air Weapons Level 2, Pylon x2  
  129  8:06  Pylon  
  129  8:09  Graviton Catapult, Probe  
  129  8:10  Probe x2  
  132  8:19  Photon Cannon x2  
  128  8:22  Probe  
  129  8:33  Carrier (Chrono Boost)  
  135  8:36  Assimilator  
  135  8:41  Assimilator  
  135  8:45  Photon Cannon  
  135  8:46  Photon Cannon  
  141  8:48  Photon Cannon  
  141  8:50  Photon Cannon  
  141  8:51  Photon Cannon  
  141  8:53  Photon Cannon  
  141  8:58  Carrier (Chrono Boost)  
  141  8:59  Carrier (Chrono Boost)  
  147  9:08  Carrier (Chrono Boost)  
  153  9:15  Pylon  
  153  9:16  Pylon  
  159  9:18  Carrier (Chrono Boost)  
  159  9:36  Twilight Council  
  159  9:47  Carrier (Chrono Boost)  
  159  9:51  Nexus  
  159  9:52  Pylon  
  160  9:55  Pylon  
  160  9:59  Robotics Facility  
  158  10:04  Pylon  
  158  10:05  Carrier (Chrono Boost), Assimilator  
  158  10:10  Assimilator  
  158  10:13  Forge  
  170  10:16  Carrier (Chrono Boost)  
  170  10:21  Void Ray (Chrono Boost)  
  170  10:28  Void Ray (Chrono Boost)  
  178  10:41  Probe  
  178  10:42  Probe x3  
  182  10:46  Observer  
  182  10:49  Assimilator  
  183  10:56  Templar Archives, Void Ray  
  187  11:09  Observer  
  188  11:13  Void Ray (Chrono Boost)  
  192  11:25  Void Ray x2 (Chrono Boost)  
  200  11:50  Stargate  
  200  11:52  Stargate  
Tags
 
Add a new tag
Caveats
  • Supply blocks, unpowered buildings, or Contaminate may cause inaccurate times.
  • Supply counts are checked every 10 seconds.